 Dungeon Crawl Stone Soup version 0.22.1-6-g1668fe2c40 (webtiles) character file.

3342 LabCoat the Shield-Bearer (level 9, -3/79 HPs)
             Began as a Deep Dwarf Fighter on Jan 21, 2019.
             Was a Follower of Makhleb.
             Slain by an orc warrior
             ... wielding a +0 glaive
              (15 damage)
             ... on level 8 of the Dungeon.
             The game lasted 00:50:53 (6579 turns).

LabCoat the Shield-Bearer (Deep Dwarf Fighter)      Turns: 6579, Time: 00:50:53

Health: -3/79      AC: 14    Str: 21      XL:     9   Next: 72%
Magic:  12/12      EV:  7    Int: 12 (14) God:    Makhleb [*.....]
Gold:   87         SH: 12    Dex: 12      Spells: 15/15 levels left

rFire    . . .     SeeInvis .   a - +0 flail
rCold    . . .     Gourm    .   c - +2 shield
rNeg     . . .     Faith    +   t - +0 chain mail
rPois    +         Spirit   .   r - +0 helmet
rElec    .         Reflect  .   B - +1 cloak
rCorr    .         Harm     .   C - +0 pair of gloves
MR       +....                  (no boots)
Stlth    ..........             e - amulet of faith
HPRegen  0.00/turn              q - ring of poison resistance
MPRegen  0.13/turn              E - +3 ring of intelligence

@: non-regenerating, drained
A: damage resistance, heal wounds, sense surroundings 2, no regeneration
a: Heal Wounds, Renounce Religion


You were on level 8 of the Dungeon.
You worshipped Makhleb.
Makhleb was aware of your devotion.
You were not hungry.

You visited 2 branches of the dungeon, and saw 9 of its levels.

You collected 412 gold pieces.
You spent 325 gold pieces at shops.

Inventory:

Hand Weapons
 a - a +0 flail (weapon)
 w - a +3 hunting sling
Missiles
 b - 6 tomahawks (quivered)
 g - 48 sling bullets
 h - 32 bolts
 m - 3 throwing nets
 u - 26 poisoned needles
Armour
 c - a +2 shield (worn)
 o - a +0 large shield
 r - a +0 helmet (worn)
 t - a +0 chain mail (worn)
 B - a +1 cloak (worn)
 C - a +0 pair of gloves (worn)
Jewellery
 e - an amulet of faith (around neck)
 p - an uncursed amulet of guardian spirit
 q - a ring of poison resistance (left hand)
 v - a +2 ring of strength
 x - a +6 ring of strength
 D - an uncursed ring of stealth
 E - a +3 ring of intelligence (right hand)
 H - an uncursed ring of protection from cold {unknown}
 I - an uncursed ring of fire
Wands
 y - a wand of iceblast (9)
 A - a wand of polymorph (20)
Scrolls
 j - 2 scrolls of teleportation
 n - 3 scrolls of remove curse
 z - a scroll of fog
 F - a scroll of fear
 G - a scroll of amnesia
Potions
 d - a potion of might
 i - 3 potions of agility
 k - 2 potions of haste
 s - 2 potions of resistance
Comestibles
 f - 20 rations
 l - 6 chunks of flesh


   Skills:
 + Level 4.7(3.6) Fighting
 + Level 6.0(4.9) Maces & Flails
 * Level 6.5(5.3) Slings
 * Level 5.8(4.6) Armour
 + Level 3.6(2.5) Dodging
 + Level 7.2(5.9) Shields
 * Level 3.8(2.7) Spellcasting
 * Level 3.3(2.2) Invocations
 + Level 2.3(1.2) Evocations


You had 15 spell levels left.
You didn't know any spells.
Your spell library was empty.

Dungeon Overview and Level Annotations

Branches:
Dungeon (8/15)             Temple (1/1) D:7
   Lair: D:8-11

Altars:
Ashenzari
Cheibriados
Dithmenos
Elyvilon
Fedhas
Gozag
Hepliaklqana
Kikubaaqudgha
Makhleb
Nemelex Xobeh
Okawaru
Qazlal
Ru
Sif Muna
Trog
Uskayaw
Vehumet
Wu Jian
Xom
Yredelemnul
Zin
The Shining One

Shops:
D:5 =   D:7 =


Innate Abilities, Weirdness & Mutations

You are resistant to damage.
You can heal yourself by infusing magical energy.
You passively map the area around you.
You do not regenerate.


Message History

You kill the orc!
Makhleb accepts your kill.
You feel better.
Things that are here:
a jackal corpse x2
Butcher a jackal corpse? [(y)es/(n)o/(a)ll/(q)uit/?]
You butcher the jackal corpse. x2
Things that are here:
2 chunks of flesh x2
The orc warrior hits you with a glaive!
Things that are here:
a hand axe; 7 gold pieces You hit the orc warrior but do no damage.
The orc warrior hits you with a glaive!!
* * * LOW HITPOINT WARNING * * *
You hear a shout!
You hit the orc warrior but do no damage.
A crimson imp comes into view.
The orc warrior hits you with a glaive!
You die...

* *#........# * , .
#........## * ..
#.........#### ,
*,...,####..##.[...#
*
...<###...##.###...#
**, ,
................#..#
* *
,...5..........).#
.#* , ,
.##..$.......# . *
,, *#.o@.......# *
,.....###%####### *
, * ####. #.# ,* * #
#...# ***, * ,
##..., , , * , ,
##.#., * * , * ***
#.#.. , , * ,,,...
.., , ,,, .## ###


You could see an orc warrior and a crimson imp.

Vanquished Creatures
  A hippogriff (D:7)
  A wyvern (D:7)
  Menkaure (D:7)
  A water moccasin (D:7)
  A sky beast (D:3)
  4 ice beasts
  A necrophage (D:7)
  2 orc warriors
  2 ogres
  4 centaurs
  3 bullfrogs
  4 scorpions
  3 wights (D:8)
  4 crimson imps
  2 hounds (D:7)
  A gnoll shaman (D:8)
  An orc priest (D:6)
  5 orc wizards
  3 centaur skeletons
  Jessica (D:5)
  2 iguanas
  6 worker ants
  3 hound skeletons
  Robin (D:3)
  8 gnolls
  9 adders
  2 shadow imps (D:5)
  An ooze (D:7)
  A worm (D:2)
  2 dart slugs
  3 leopard geckos
  29 orcs
  2 ball pythons
  11 giant cockroaches
  17 goblins
  6 hobgoblins
  8 jackals
  4 kobolds
  6 quokkas
  9 bats
  5 frilled lizards
  A leopard gecko skeleton (D:4)
  2 quokka skeletons
  6 rats
189 creatures vanquished.

Vanquished Creatures (others)
  A human (D:2)
1 creature vanquished.

Grand Total: 190 creatures vanquished

Notes
Turn   | Place    | Note
-------+----------+-------------------------------------------
     0 | D:1      | LabCoat the Deep Dwarf Fighter began the quest for the Orb.
     0 | D:1      | Reached XP level 1. HP: 20/20 MP: 1/1
   101 | D:1      | Reached XP level 2. HP: 27/27 MP: 2/2
   881 | D:2      | Reached skill level 1 in Dodging
   881 | D:2      | Reached XP level 3. HP: 19/34 MP: 4/4
  1105 | D:2      | Reached skill level 1 in Spellcasting
  1277 | D:2      | Reached XP level 4. HP: 13/42 MP: 5/5
  1759 | D:2      | Found an ancient bone altar of Kikubaaqudgha.
  1759 | D:2      | Noticed a human
  1764 | D:2      | Killed a human
  1872 | D:2      | Found a shattered altar of Ashenzari.
  1948 | D:3      | Reached skill level 1 in Slings
  2005 | D:3      | Noticed Robin
  2047 | D:3      | Killed Robin
  2047 | D:3      | Reached XP level 5. HP: 20/49 MP: 6/6
  2209 | D:3      | Noticed a sky beast
  2222 | D:3      | Killed a sky beast
  2222 | D:3      | Reached skill level 4 in Shields
  2439 | D:3      | Reached XP level 6. HP: 37/56 MP: 8/8
  3256 | D:4      | Reached XP level 7. HP: 54/62 MP: 10/10
  3475 | D:5      | Entered Level 5 of the Dungeon
  3483 | D:5      | Found Honibat's Jewellery Shoppe.
  3691 | D:5      | Reached skill level 5 in Shields
  3802 | D:5      | Reached XP level 8. HP: 22/72 MP: 12/12
  4124 | D:5      | Noticed Jessica
  4142 | D:5      | Killed Jessica
  4148 | D:5      | Found a deep blue altar of Sif Muna.
  4341 | D:5      | Reached skill level 1 in Evocations
  4536 | D:6      | Reached skill level 5 in Slings
  4682 | D:6      | Reached skill level 6 in Shields
  4700 | D:6      | Reached skill level 5 in Maces & Flails
  4858 | D:6      | Reached skill level 5 in Armour
  5246 | D:7      | Found a staircase to the Ecumenical Temple.
  5269 | D:7      | Gained mutation: You passively map the area around you.
                  | [Deep Dwarf growth]
  5269 | D:7      | Reached XP level 9. HP: 35/78 MP: 12/12
  5291 | Temple   | Entered the Ecumenical Temple
  5330 | Temple   | Became a worshipper of Makhleb the Destroyer
  5428 | D:7      | Reached skill level 1 in Invocations
  5572 | D:7      | Found Ulyqifory's Jewellery Emporium.
  5576 | D:7      | Bought an uncursed ring of fire for 325 gold pieces
  6032 | D:7      | Reached * piety under Makhleb
  6065 | D:7      | Noticed Menkaure
  6073 | D:7      | Killed Menkaure
  6122 | D:7      | Reached skill level 7 in Shields
  6579 | D:8      | Slain by an orc warrior

Skill      XL: |  1  2  3  4  5  6  7  8  9 |
---------------+----------------------------+-----
Fighting       | 3 4 |  4.7
Dodging        | 1 2 3 |  3.6
Spellcasting   | 1 2 3 |  3.8
Slings         | 1 3 4 5 6 |  6.5
Maces & Flails | 3 4 5 6 |  6.0
Armour         | 4 5 |  5.8
Shields        | 4 5 6 7 |  7.2
Evocations     | 2 |  2.3
Invocations    | 3 |  3.3

Action                   |  1- 3 |  4- 6 |  7- 9 || total
-------------------------+-------+-------+-------++-------
Melee: Flail             |   120 |   245 |   483 ||   848
 Fire: Hunting sling     |     9 |    22 |    78 ||   109
 Abil: Heal Wounds       |       |     3 |    12 ||    15
  Use: Scroll            |     8 |     3 |     8 ||    19
       Potion            |       |     4 |     3 ||     7
  Eat: Chunk             |     1 |     7 |     7 ||    15
       Ration            |       |       |     2 ||     2
Armor: Scale mail        |    55 |    68 |       ||   123
       Chain mail        |       |    57 |   219 ||   276
Dodge: Dodged            |    37 |    94 |   125 ||   256
Block: Shield            |    73 |   206 |   379 ||   658
